 Dungeon Crawl Stone Soup version 0.19.1 (webtiles) character file.

12579 MissionImpossible the Thaumaturge (level 11, -7/68 HPs)
             Began as a Demonspawn Wizard on Nov 25, 2016.
             Was a High Priest of Sif Muna.
             Mangled by a porcupine (16 damage)
             ... on level 4 of the Lair of Beasts.
             The game lasted 00:48:07 (14315 turns).

MissionImpossible the Thaumaturge (DsWz)           Turns: 14315, Time: 00:48:08

Health: -7/68      AC:  9    Str:  9    XL:     11   Next: 64%
Magic:  16/25      EV: 12    Int: 22    God:    Sif Muna [*****.]
Gold:   574        SH:  0    Dex:  8    Spells: 4 memorised, 18 levels left

rFire  . . .     SeeInvis .     x - +10 long sword of the Ageless Dances {flame, rElec rN+ Dex-3}
rCold  . . .     Gourm    .     a - +0 robe
rNeg   + . .     Faith    .     (no shield)
rPois  .         Spirit   .     (helmet restricted)
rElec  +         Reflect  .     g - +2 cloak
rCorr  .         Harm     .     u - +1 pair of gloves
MR     .....                    (no boots)
Stlth  +++.......               (no amulet)
                                (no ring)
                                (no ring)

@: very slightly contaminated
A: antennae 2, claws 1, icy blue scales 1, demonic guardian 1, nightstalker 1
a: Divine Energy, Channel Magic, Forget Spell, Renounce Religion


You were on level 4 of the Lair of Beasts.
You worshipped Sif Muna.
Sif Muna was extremely pleased with you.
You were near starving.

You visited 3 branches of the dungeon, and saw 14 of its levels.

You collected 574 gold pieces.

Inventory:

Hand Weapons
 h - a +1 dagger
 r - a +3 quarterstaff of flaming
 x - the +10 long sword of the Ageless Dances (weapon) {flame, rElec rN+ Dex-3}
   (You found it on level 5 of the Dungeon)

   It has been specially enchanted to burn those struck by it, causing extra
   injury to most foes and up to half again as much damage against particularly
   susceptible opponents.
   Big, fiery blades are also staple armaments of hydra-hunters.
   It affects your dexterity (-3).
   It insulates you from electricity.
   It protects you from negative energy.
 L - a +0 blowgun
Missiles
 M - a throwing net (quivered)
 N - 4 curare-tipped needles
Armour
 a - a +0 robe (worn)
 b - a +0 hat
 g - a +2 cloak (worn)
 j - a +0 helmet
 m - a +0 troll leather armour
 t - a +0 cloak
 u - a +1 pair of gloves (worn)
Magical Staves
 D - an uncursed staff of power
Wands
 f - a wand of iceblast (7/15)
 q - a wand of lightning (1/15)
 w - a wand of polymorph (12/24)
 A - a wand of polymorph (5/24)
 J - a wand of flame (21/48)
 K - a wand of polymorph (3/24)
Scrolls
 e - 3 scrolls of enchant weapon
 i - 3 scrolls of fog
 k - 3 scrolls of amnesia
 o - 2 scrolls of teleportation
 s - 11 scrolls of identify
 y - 2 scrolls of magic mapping
 C - a scroll of blinking
Potions
 l - a potion of curing
 p - 2 potions of might
 B - 2 potions of haste
 E - 3 potions of flight
 H - a potion of invisibility
Books
 c - a book of Minor Magic

   Spells                             Type                      Level
   a - Magic Dart                     Conjuration                  1
   b - Blink                          Translocation                2
   c - Call Imp                       Summoning                    2
   d - Repel Missiles                 Charms/Air                   2
   e - Slow                           Hexes                        2
   f - Conjure Flame                  Conjuration/Fire             3
   g - Mephitic Cloud                 Conjuration/Poison/Air       3
 F - a book of Enchantments

   Spells                             Type                      Level
   a - Cause Fear                     Hexes                        4
   b - Yara's Violent Unravelling     Hexes/Transmutation          5
   c - Silence                        Hexes/Air                    5
   d - Deflect Missiles               Charms/Air                   6
   e - Discord                        Hexes                        8
 O - Ejuukyfu's Incunabulum of the Four Suns
   (Sif Muna gifted it to you on level 3 of the Lair of Beasts)

   Spells                             Type                      Level
   a - Sting                          Conjuration/Poison           1
   b - Throw Flame                    Conjuration/Fire             2
   c - Bolt of Draining               Conjuration/Necromancy       5
   d - Fireball                       Conjuration/Fire             5
   e - Bolt of Fire                   Conjuration/Fire             6
   f - Fire Storm                     Conjuration/Fire             9
Comestibles
 d - 6 bread rations
 n - 7 beef jerkies
 v - a meat ration
 z - 10 slices of pizza
 G - 2 royal jellies
 I - 2 fruits


   Skills:
 - Level 1.7 Dodging
 - Level 1.7 Stealth
 + Level 10.4 Spellcasting
 - Level 9.5 Conjurations
   Level 1.0 Summonings
   Level 0.8 Translocations
 * Level 9.6 Air Magic
 + Level 8.0 Invocations


You had 18 spell levels left.
You knew the following spells:

 Your Spells              Type           Power        Failure   Level  Hunger
a - Magic Dart            Conj           ####         1%          1    None
c - Mephitic Cloud        Conj/Pois/Air  #####...     1%          3    None
d - Fireball              Conj/Fire      ####......   28%         5    ####...
f - Conjure Flame         Conj/Fire      ####....     2%          3    None


Dungeon Overview and Level Annotations

Branches:
Dungeon (9/15)             Temple (1/1) D:5            Lair (4/6) D:8
  Swamp: Lair:2-4    Shoals: Lair:2-4     Snake: Lair:2-4    Spider: Lair:2-4
    Orc: D:9-12

Altars:
Cheibriados
Elyvilon
Fedhas
Gozag
Hepliaklqana
Qazlal
Ru
Sif Muna
Trog
Uskayaw
Vehumet
Xom
Yredelemnul

Shops:
D:5 *   D:8 %

Annotations:
D:9 Tyryt0's ghost, novice FoFi


Innate Abilities, Weirdness & Mutations

You have a pair of antennae on your head.
You are partially covered in icy blue scales. (AC +2)
A weak demonic guardian rushes to your aid.
You are slightly more attuned to the shadows.
You have sharp fingernails.


Message History

You burn the porcupine.
The porcupine is almost dead.
The spiny frog stings the fungus!!
You feel less invigorated. The black mamba bites you!
* * * LOW HITPOINT WARNING * * *
Casting: Fireball
Confirm with . or Enter, or press ? or * to list all spells.
Aiming: Fireball
Press: ? - help, Shift-Dir - straight line, f - fungus
Aim: a fungus (heavily damaged)
The fireball explodes!
The fireball engulfs the fungus.
The fungus is severely damaged.
The fireball engulfs the black mamba.
You kill the black mamba!
Sif Muna accepts your kill.
Your Invocations skill increases to level 8!
The fireball engulfs the spiny frog.
The spiny frog is almost dead.
The porcupine bites you!
You die...

.....#..####<..# #......## ##.P##
..#.. .#.#P...##.#.####. ....
..... .###..!...#..P##.. #.....
.... #####....##...##.# P.....
.... †##...........#..# ##......
##.. #................###P......
#..#.
#.................P#P......###..#
................@.F..P....##.....
..........##.....rF......#.FF...#
..........###......#.#.....#.....
..........##.....P..##...#.#....#
..#.......###..P.##..#...##......
..##..P........### #.......#.##..
#.........#.### ##.......## ..
....P.#...#.###P.......# .
....###......##.......##


You could see a spiny frog, a bullfrog and a porcupine.

Vanquished Creatures
  A hydra (Lair:3)
  Harold (Lair:3)
  Sonja (Lair:3)
  Pikel (D:7)
  Maurice (D:8)
  Psyche (D:9)
  2 black mambas
  5 spiny frogs
  A komodo dragon (D:8)
  A troll (D:6)
  A hippogriff (D:9)
  2 wyverns
  3 hogs (D:7)
  7 yaks
  A human (D:7)
  7 vampire mosquitoes (Lair:3)
  A hungry ghost (D:7)
  2 insubstantial wisps (Lair:3)
  6 water moccasins
  Duvessa (D:7)
  3 porcupines
  3 phantoms
  5 wolves (Lair:3)
  6 centaurs
  5 crocodiles
  3 big kobolds (D:9)
  9 bullfrogs
  A wyvern skeleton (D:6)
  A scorpion (D:5)
  Dowan (D:7)
  4 wights
  A centaur zombie (D:6)
  2 crimson imps
  2 bullfrog zombies
  A jelly (D:6)
  3 orc priests
  Crazy Yiuf (D:2)
  4 hounds
  3 iguanas
  Jessica (D:2)
  Natasha (D:3)
  A worker ant (D:6)
  4 orc wizards
  2 hound zombies
  A hound skeleton (D:4)
  A howler monkey zombie (D:7)
  3 gnolls (D:4)
  9 adders
  A shadow imp (D:7)
  An ooze (D:1)
  2 adder skeletons
  An adder zombie (D:6)
  2 worms
  5 leopard geckos
  17 orcs
  2 ball pythons (D:1)
  4 giant cockroaches
  15 goblins
  11 hobgoblins
  10 jackals
  3 quokkas
  7 bats
  5 frilled lizards
  A jackal zombie (D:8)
  18 kobolds
  A leopard gecko skeleton (D:5)
  A leopard gecko zombie (D:7)
  8 rats
  A plant (D:8)
243 creatures vanquished.

Vanquished Creatures (collateral kills)
  Sigmund (D:3)
  A yak (Lair:1)
  Menkaure (D:5)
  A water moccasin (Lair:3)
  An ogre (D:6)
  A wolf (Lair:3)
  An orc priest (D:6)
  An orc wizard (D:3)
  Ijyb (D:2)
  2 gnolls (D:4)
  An orc (D:3)
  A goblin (D:2)
  A rat (D:2)
14 creatures vanquished.

Vanquished Creatures (others)
  A plant (Lair:3)
1 creature vanquished.

Grand Total: 258 creatures vanquished

Notes
Turn   | Place    | Note
-------+----------+-------------------------------------------
     0 | D:1      | MissionImpossible the Demonspawn Wizard began the quest for the Orb.
     0 | D:1      | Reached XP level 1. HP: 13/13 MP: 4/4
   302 | D:1      | Gained mutation: A weak demonic guardian rushes to your aid. [demonic ancestry]
   302 | D:1      | Reached XP level 2. HP: 8/19 MP: 0/6
  1038 | D:1      | You fall through a shaft!
  1224 | D:1      | Reached XP level 3. HP: 24/24 MP: 3/7
  1458 | D:1      | Learned a level 3 spell: Mephitic Cloud
  1462 | D:1      | Learned a level 3 spell: Conjure Flame
  2777 | D:2      | Reached XP level 4. HP: 30/30 MP: 2/8
  2986 | D:2      | Noticed Ijyb
  3003 | D:2      | Killed Ijyb
  3077 | D:2      | Noticed Jessica
  3079 | D:2      | Killed Jessica
  3239 | D:2      | Found a runed door.
  3359 | D:2      | Reached XP level 5. HP: 35/35 MP: 8/10
  3479 | D:2      | Noticed Crazy Yiuf
  3491 | D:2      | Killed Crazy Yiuf
  3909 | D:3      | Reached skill level 4 in Spellcasting
  3955 | D:3      | Noticed Sigmund
  3980 | D:3      | Killed Sigmund
  3980 | D:3      | Reached skill level 5 in Conjurations
  3980 | D:3      | Reached XP level 6. HP: 29/41 MP: 0/12
  4164 | D:3      | Noticed Natasha
  4171 | D:3      | Killed Natasha
  4982 | D:4      | Reached XP level 7. HP: 44/46 MP: 6/14
  5006 | D:4      | Reached skill level 5 in Spellcasting
  5511 | D:4      | Gained mutation: You have sharp fingernails. [potion of beneficial mutation]
  5533 | D:5      | Entered Level 5 of the Dungeon
  5563 | D:5      | Got a warped long sword
  5564 | D:5      | Identified the +10 long sword of the Ageless Dances {flame, rElec rN+ Dex-3} (You found it on level 5 of the Dungeon)
  5804 | D:5      | Found a staircase to the Ecumenical Temple.
  5816 | Temple   | Entered the Ecumenical Temple
  5836 | Temple   | Became a worshipper of Sif Muna the Loreminder
  5871 | D:5      | Found Roywex's General Store.
  5941 | D:5      | Got an encrusted chain mail
  5943 | D:5      | Identified the +6 chain mail of Untruth {Str+2 Dex+2} (You found it on level 5 of the Dungeon)
  6006 | D:5      | Noticed Menkaure
  6010 | D:5      | Killed Menkaure
  6304 | D:5      | You fall through a shaft!
  6343 | D:5      | Reached skill level 6 in Spellcasting
  6420 | D:6      | Gained mutation: You have a pair of small antennae on your head. [demonic ancestry]
  6420 | D:6      | Reached XP level 8. HP: 41/52 MP: 12/17
  6423 | D:6      | Noticed a troll
  6531 | D:6      | Found a blossoming altar of Fedhas.
  6571 | D:6      | Reached * piety under Sif Muna
  6848 | D:6      | Killed a troll
  6971 | D:6      | Reached skill level 7 in Spellcasting
  7007 | D:6      | Found a hide-covered altar of Uskayaw.
  7448 | D:7      | Reached ** piety under Sif Muna
  7454 | D:7      | Found a sacrificial altar of Ru.
  7467 | D:7      | Found a basalt altar of Yredelemnul.
  7631 | D:7      | Found an opulent altar of Gozag.
  7652 | D:7      | Gained mutation: You are slightly more attuned to the shadows. [demonic ancestry]
  7652 | D:7      | Reached XP level 9. HP: 57/57 MP: 8/20
  7779 | D:7      | Reached skill level 1 in Air Magic
  7902 | D:7      | Noticed Pikel
  7913 | D:7      | Killed Pikel
  7913 | D:7      | Reached skill level 8 in Spellcasting
  8050 | D:7      | Found a shimmering altar of Xom.
  8079 | D:7      | Noticed Dowan
  8081 | D:7      | Noticed Duvessa
  8098 | D:7      | Killed Dowan
  8110 | D:7      | Killed Duvessa
  8267 | D:7      | Found a bloodstained altar of Trog.
  8363 | D:7      | Found a hazy altar of Hepliaklqana.
  8453 | D:7      | Reached *** piety under Sif Muna
  8454 | D:7      | Reached skill level 5 in Air Magic
  8841 | D:8      | Noticed Maurice
  8857 | D:8      | Killed Maurice
  8857 | D:8      | Reached skill level 1 in Invocations
  8857 | D:8      | Gained mutation: You are partially covered in icy blue scales. (AC +2) [demonic ancestry]
  8857 | D:8      | Reached XP level 10. HP: 60/63 MP: 22/22
  8932 | D:8      | Found a staircase to the Lair.
  8955 | D:8      | Reached skill level 9 in Spellcasting
  9099 | D:8      | Found Piro's Food Emporium.
  9743 | D:9      | Noticed Psyche
  9758 | D:9      | Killed Psyche
  9758 | D:9      | Reached **** piety under Sif Muna
 10168 | D:9      | Noticed Tyryt0's ghost (novice FoFi)
 10351 | Lair:1   | Entered Level 1 of the Lair of Beasts
 10756 | Lair:1   | Reached skill level 5 in Invocations
 10908 | Lair:1   | Noticed a black mamba
 10912 | Lair:1   | Killed a black mamba
 11611 | Lair:2   | Noticed a spiny frog
 11625 | Lair:2   | Killed a spiny frog
 12103 | Lair:2   | Gained mutation: You have a pair of antennae on your head. [demonic ancestry]
 12103 | Lair:2   | Reached XP level 11. HP: 61/68 MP: 18/24
 12438 | Lair:3   | Noticed Harold
 12501 | Lair:3   | Killed Harold
 12638 | Lair:3   | Reached skill level 10 in Spellcasting
 12641 | Lair:3   | Reached ***** piety under Sif Muna
 12641 | Lair:3   | Identified Ejuukyfu's Incunabulum of the Four Suns (Sif Muna gifted it to you on level 3 of the Lair of Beasts)
 12641 | Lair:3   | Received a gift from Sif Muna
 12642 | Lair:3   | Noticed a five-headed hydra
 12718 | Lair:2   | Learned a level 5 spell: Fireball
 12757 | Lair:3   | Noticed Sonja
 12775 | Lair:3   | Killed Sonja
 13316 | Lair:3   | Killed a five-headed hydra
 14315 | Lair:4   | Mangled by a porcupine

Skill      XL: |  1  2  3  4  5  6  7  8  9 10 11 |
---------------+----------------------------------+-----
Conjurations   | 2 3 4 5 6 7 9 |  9.5
Spellcasting   | 4 6 7 8 9 10 | 10.4
Air Magic      | 6 8 9 |  9.6
Invocations    | 1 5 8 |  8.0
Dodging        | |  1.7
Stealth        | |  1.7
Summonings     | |  1.0
Translocations | |  0.8

Action                   |  1- 3 |  4- 6 |  7- 9 | 10-12 || total
-------------------------+-------+-------+-------+-------++-------
Melee: Unarmed           |    21 |       |       |       ||    21
       Dagger            |    63 |    16 |       |       ||    79
       Quarterstaff      |       |    45 |    19 |       ||    64
       Long sword        |       |       |    81 |   122 ||   203
       Staff             |       |       |     1 |       ||     1
 Cast: Magic Dart        |   104 |   116 |   176 |   268 ||   664
       Mephitic Cloud    |     2 |     7 |    22 |    29 ||    60
       Conjure Flame     |       |       |     9 |    19 ||    28
       Fireball          |       |       |       |    13 ||    13
Invok: Channel Magic     |       |       |       |     2 ||     2
Evoke: Wand              |       |       |     1 |     8 ||     9
  Use: Scroll            |     3 |     5 |    10 |     7 ||    25
       Potion            |     2 |     2 |     9 |     2 ||    15
 Stab: Confused          |       |     5 |     4 |     3 ||    12
       Sleeping          |       |       |     2 |     3 ||     5
  Eat: Chunk             |     5 |     8 |    12 |    10 ||    35
       Bread ration      |       |       |       |     2 ||     2
       Fruit             |       |       |       |     1 ||     1
Armor: Robe              |    24 |    16 |    25 |    54 ||   119
Dodge: Dodged            |    94 |    39 |    74 |   141 ||   348
       Rpst.: Long sword |       |       |    15 |    43 ||    58
